Mandevil, lawful male human Samurai ------------ |..........| ----- ----- -------- ###|..........| |...| |...| |..{....#####...........| ------------- ...<)# |...| |......|### ------.----- |`.........). -----# |...| |......| #### |.....<.....| # ---|- |......| # |............ # ## |....... ### ##............| # # |......| # # |...........| # ### -|---.-- ## ### ------------- # # # ## --------.-################################## # ## 1 |........|# # # --.-----.- `## #.....#...-# ###.........| ######## ###|........|# # |........| --|----- ### # |........|# ##.........| |.>...(| # ### ----------# |........| |....O@| ###################### |........| |....O.:1######### |........| -------- ---------- Mandevil the Ninja Experience level: 8 Strength: 18 Dexterity: 18 Constitution: 18 Intelligence: 8 Wisdom: 9 Charisma: 7 Health: 0(70) Energy: 29(29) Def: 13 Gold: 0 Moves: 6965 Dungeon seed: ks46b4V1iwBhYuj4 Game ID: Mandevil_1465456874 Your Inventory: Amulets s - an uncursed amulet versus poison I - an uncursed amulet of reflection (being worn) Y - a cursed amulet of ESP Weapons a - the rustproof +0 Snickersnee (weapon in hand) b - a blessed corroded +0 katana (wielded in other hand) c - a +0 yumi d - 33 +0 ya (in quiver) k - a +0 dart C - a very corroded +0 wakizashi Armor e - a cursed burnt +0 cloak of magic resistance (being worn) f - a blessed +2 dwarvish mithril-coat (being worn) g - an uncursed +0 pair of iron shoes (being worn) Z - an uncursed +1 dwarvish iron helm (being worn) Comestibles i - 12 uncursed gunyoki l - an uncursed carrot r - an uncursed cream pie w - 3 uncursed fortune cookies A - an uncursed lichen corpse E - 2 uncursed tripe rations S - an uncursed ogre corpse Rings x - an uncursed ring of see invisible (on left hand) D - an uncursed ring of warning (on right hand) G - an uncursed ring of invisibility Wands m - a wand of fire (0:6) t - a wand of death (0:2) u - a cursed wand of magic missile (0:4) z - a wand of create monster (0:10) F - a wand of secret door detection (0:9) K - a cursed wand of polymorph (0:6) L - a wand of digging (0:5) N - a cursed wand of digging (0:4) P - a wand of secret door detection (0:11) Q - a wand of cold (0:6) U - a wand of sleep (0:0) V - a wand of digging (0:6) X - a cursed wand of locking (0:6) Tools R - an uncursed blindfold Gems y - an uncursed worthless piece of violet glass Spells and supernatural/magical abilities: Name Level Category Fail Memory W - pray for help -- divine ? -- Your skills at the end: Fighting Skills martial arts [Basic] wands [Basic] Weapon Skills short sword [Basic] long sword [Expert] bow [Basic] Spellcasting Skills Final Attributes: You were piously aligned. You were poison resistant. You were magic-protected. You saw invisible. You were warned. You aggravated monsters. You were fast. You had reflection. You were wielding two weapons at once. You are dead. Vanquished creatures: 2 ghosts 2 giant mimics a pyrolisk a flaming sphere a leprechaun a gnome king an ogre a gold golem a Green-elf a dingo a blue jelly a raven a gnome mummy a soldier ant a wood nymph a water nymph a mountain nymph 2 Mordor orcs 3 Uruk-hai 2 rock piercers a rock mole a fog cloud 2 yellow lights a shrieker a violet fungus a gnome lord 2 gnomish wizards 3 kobold mummies a golden naga hatchling a straw golem a paper golem 2 baby crocodiles a giant ant 3 little dogs a floating eye a kitten a dwarf 2 homunculi a kobold lord a kobold shaman 14 hill orcs 3 rothes 3 giant bats 3 monkeys 2 orc zombies 3 dwarf zombies an iguana 6 killer bees 5 acid blobs 5 coyotes 3 gas spores a large kobold 2 hobgoblins 3 giant rats 5 cave spiders a brown mold 2 yellow molds 5 green molds 3 red molds 5 gnomes 6 garter snakes 3 gnome zombies 6 geckos 2 jackals 2 foxes 2 kobolds 5 goblins 8 sewer rats 10 grid bugs 3 bats 6 lichens 2 kobold zombies 5 newts 189 creatures vanquished. Voluntary challenges: You had been an atheist until turn 2095. You used a wielded weapon 248 times, starting on turn 15. You read items or engraved 18 times, starting on turn 58. You never genocided any monsters. You never polymorphed an object. You never changed form. You used no wishes. You never split a pudding. You wrote Elbereth's name 13 times, starting on turn 586. You violated your moral code, losing 11 points of alignment, starting on turn 3675. Dungeon overview: The Dungeons of Doom: levels 1 to 8 Level 1 a sink a long staircase Level 2 Level 3 some sinks stairs to The Gnomish Mines Level 4 a general store, a sink Level 5 a general store, some fountains Level 6 many fountains Level 7 (STASH) <- You were here an altar to Amaterasu Omikami, a fountain, a sink stairs to Sokoban Level 8 (VAULT) some fountains The Gnomish Mines: Level 4 stairs to The Dungeons of Doom Sokoban: levels 3 to 6 Level 3 Level 4 Level 5 Level 6 stairs to The Dungeons of Doom History has recorded: On T:1 you entered the Dungeons of Doom to retrieve the Amulet of Yendor! On T:336 you reached level 2 of The Dungeons of Doom. On T:370 you advanced to experience level 2. On T:570 you reached level 3 of The Dungeons of Doom. On T:689 you reached level 1 of The Gnomish Mines. On T:754 you reached level 4 of The Dungeons of Doom. On T:917 you advanced to experience level 3. On T:1319 you advanced to experience level 4. On T:1337 you reached level 5 of The Dungeons of Doom. On T:1813 you reached level 6 of The Dungeons of Doom. On T:1903 you advanced to experience level 5. On T:1963 you reached level 7 of The Dungeons of Doom. On T:2178 you reached level 4 of Sokoban. On T:2563 you reached level 3 of Sokoban. On T:3680 you advanced to experience level 6. On T:4027 you reached level 2 of Sokoban. On T:4324 you advanced to experience level 7. On T:4469 you reached level 1 of Sokoban. On T:6249 you reached level 8 of The Dungeons of Doom. On T:6304 you advanced to experience level 8. On T:6907 you received Snickersnee from Amaterasu Omikami. Score breakdown: Gold: 0 ( 0 points) Experience: 8 levels (14739 points) Exploration: 8 levels ( 16.00%) (11338 points) Discoveries: 15 items ( 6.02%) ( 7363 points) Valuables value: (no points given unless you survive) Artifact value: 1200 (10475 points) Variety of kills: 73 monsters ( 19.06%) (13097 points) Turncount: 6965 turns (-1844 points) Survival: died (score multiplied by 80%) Total score: 44134 Latest messages: The ogre hits! The gecko bites! There is an altar to Amaterasu Omikami (lawful) here. There are a few objects here. The ogre swings her club. The ogre hits! The ogre wields a club! The ogre swings her club. The ogre hits! The ogre swings her club. The ogre hits! The gecko bites! The ogre swings her club. The ogre hits! The ogre swings her club. The ogre hits! The gecko misses. The ogre swings her club. The ogre misses. The ogre swings her club. The ogre hits! You die... Final status: Sayonara Mandevil the Samurai, killed by an ogre... You died in The Dungeons of Doom on dungeon level 7 with 44134 points, and 0 pieces of gold, after 6965 moves. You were level 8 with a maximum of 70 hit points when you died.